AoeStats
← PisjeTrisje

Arabia

510858699Analyzed
1v1 RM · 19h ago on Oct 2, 2026· 15m 59s· 2 players
Game mode
Random Map
Map size
Tiny (2 player)
Population
200
Speed
Normal
Resources
Standard
Victory
Conquest
Starting age
Dark Age
Ending age
Imperial Age
RankedLock teamsTeams togetherTeam positionsShared explorationLock speedFull tech treeHidden civsTurbo modeCheats
Victory
Defeat
869
+17
🇳🇱 Huns · Netherlands
896
-48
Prinz Ferdinand der Prachtvolle
0:37 Loom
12:22 Feudal Age
12:56 Horse Collar
13:32 Man-at-Arms
15:30 Scale Mail Armor
PisjeTrisje
6:41 Loom
10:59 Feudal Age
11:27 Double-Bit Axe
13:01 Wheelbarrow
Connection lost

Rejoining the realm…

Still unreachable

The connection could not be restored.

Session expired

The server has moved on; the page needs a fresh start.